 Dungeon Crawl Stone Soup version 0.30-a0-585-g93115170b9 (webtiles) character file.

Game seed: 17761619972544189782

840 wormed the Covert (level 8, 0/42 (49) HPs)
             Began as a Kobold Delver on Jan 1, 2023.
             Was a Follower of Uskayaw.
             Slain by an ice beast (3 damage)
             ... on level 5 of the Dungeon.
             The game lasted 00:08:36 (4427 turns).

wormed the Covert (Kobold Delver)                   Turns: 4427, Time: 00:08:37

HP:   0/42 (49)     AC:  5    Str: 15    XL:     8   Next: 19%
MP:   5/8           EV: 17    Int: 11    God:    Uskayaw [*.....]
Gold: 226           SH:  0    Dex: 19    Spells: 7/7 levels left

rFire   . . .      SeeInvis .    l - +0 dagger (venom)
rCold   + . .      Faith    +    (no shield)
rNeg    . . .      Spirit   .    d - +0 leather armour {rPois}
rPois   +          Reflect  .    (no helmet)
rElec   .          Harm     .    (no cloak)
rCorr   .          Rampage  .    k - +0 pair of gloves
Will    .....                    z - +0 pair of boots
Stlth   +++++                    p - amulet of faith
HPRegen 0.27/turn                x - +6 ring of strength
MPRegen 0.11/turn                u - ring of protection from cold

@: heavily drained
A: small, no large weapons, nightstalker 3
a: Renounce Religion, Stomp


You were on level 5 of the Dungeon.
You worshipped Uskayaw.
Uskayaw was noncommittal.
You visited 2 branches of the dungeon, and saw 6 of its levels.

You collected 226 gold pieces.

Inventory:

Hand Weapons
 l - a +0 dagger of venom (weapon)
Missiles
 a - 2 throwing nets (quivered)
Armour
 d - a +0 leather armour of poison resistance (worn)
 k - a +0 pair of gloves (worn)
 z - a +0 pair of boots (worn)
Jewellery
 p - an amulet of faith (around neck)
 u - a ring of protection from cold (right hand)
 x - a +6 ring of strength (left hand)
Wands
 g - a wand of digging (11)
Scrolls
 c - a scroll of immolation
 e - a scroll of butterflies
 f - a scroll of vulnerability
 j - 2 scrolls of noise
 m - a scroll of enchant armour
 r - 3 scrolls of teleportation
 t - a scroll of fog
Potions
 i - a potion of cancellation
 n - 2 potions of curing
 o - 3 potions of degeneration {unknown}
 q - a potion of magic {unknown}
 s - a potion of mutation {unknown}
 v - a potion of might {unknown}
 w - a potion of invisibility {unknown}


   Skills:
 + Level 5.3 Fighting
 * Level 7.6 Short Blades
 + Level 5.2 Dodging
 + Level 8.6 Stealth


You had 7 spell levels left.
You didn't know any spells.
Your spell library contained the following spells:

 Spells                   Type           Power      Damage    Failure   Level
 Apportation              Tloc           0%         N/A       41%         1
 Necrotise                Necr           0%         1d4       41%         1
 Summon Small Mammal      Summ           0%         N/A       41%         1
 Sublimation of Blood     Necr           0%         N/A       54%         2
 Ignite Poison            Fire/Tmut/Pois 0%         N/A       78%         3
 Kindle Blastsparks       Fire/Tloc/Air  0%         2d10      78%         3
 Petrify                  Tmut/Erth      0%         N/A       99%         4
 Freezing Cloud           Conj/Ice/Air   0%         6-21      100%        5
 Irradiate                Conj/Tmut      0%         3d11      100%        5


Dungeon Overview and Level Annotations

Branches:
Dungeon (5/15)             Temple (1/1) D:5

Altars:
Ashenzari
Ru
Trog
Uskayaw
Xom
Yredelemnul
The Shining One


Innate Abilities, Weirdness & Mutations

You are small and have problems with some larger weapons.
You are completely attuned to the shadows.


Message History

The ice beast is moderately wounded.
You hit the ice beast but do no damage.
The ice beast is moderately wounded.
The ice beast closely misses you. The necrophage completely misses you.
The necrophage barely misses you.
Okay, then.
You feel much better.
The necrophage completely misses you. x2
The ice beast closely misses you.
You hit the necrophage.
The necrophage is moderately damaged.
You hit the necrophage but do no damage.
The ice beast barely misses you. The necrophage hits you.
You feel drained. The necrophage hits you.
You feel drained.
You hit the necrophage.
The necrophage is lightly damaged.
The ice beast misses you. The necrophage closely misses you.
The necrophage hits you but does no damage.
You can now pass through a line of other dancers.
You closely miss the necrophage.
The necrophage is lightly damaged.
You hit the necrophage.
The necrophage is lightly damaged.
The necrophage misses you. The necrophage hits you. The ice beast misses you.
You hit the necrophage.
The necrophage is moderately damaged.
You hit the necrophage but do no damage.
The necrophage is moderately damaged.
The necrophage closely misses you. The ice beast hits you.
The ice beast freezes you. You resist.
* * * LOW HITPOINT WARNING * * *
The necrophage hits you.
* * * LOW HITPOINT WARNING * * *
You stomp with the beat, sending a shockwave through the revellers around you!
The necrophage is severely damaged.
The ice beast is severely wounded.
The necrophage is heavily damaged.
You can no longer pass through a line of other dancers.
The ice beast looks more healthy.
The necrophage hits you.
* * * LOW HITPOINT WARNING * * *
The necrophage misses you. The ice beast hits you.
You die...

# #.....,,,.......# #.#
#.# # ######**+####.###
#.####.# ## *,,,,......#
#......# .# *,,,,......#
#..##### .## *,,,,......#
#..# ..# *,,,,......#
#..# #.# *,,,,......#####
#..#
#.###*,,,,..........#
#..#*****
....#*,,,,......@...#
*,,,,,,,*
###.#*,,,,.....nnY..#
**,****,* #
#.###***###.......# *,*
*,* #...# #.......#****,*
*,*
###.#######........,,,,,*
*,*
#....#......#*+********
*,* ####........#*,* *,*
##.......#*,* *,*
##......#*,* *******,*


You could see an ice beast and 2 necrophages.

Vanquished Creatures
  Eustachio (D:5)
  A black bear (D:5)
  A jelly (D:5)
  A howler monkey (D:5)
  2 hounds (D:5)
  3 orc priests (D:4)
  An iguana (D:4)
  4 orc wizards
  Ijyb (D:3)
  6 gnolls
  4 adders
  An ufetubus (D:5)
  2 worms
  3 dart slugs
  10 orcs
  9 ball pythons
  5 endoplasms
  6 giant cockroaches
  6 goblins
  3 hobgoblins
  10 jackals
  A kobold (D:4)
  6 quokkas
  4 bats
  5 frilled lizards
  7 rats
103 creatures vanquished.

Vanquished Creatures (others)
  An orc wizard (D:3)
1 creature vanquished.

Grand Total: 104 creatures vanquished

Notes
Turn   | Place    | Note
-------+----------+-------------------------------------------
     0 | D:5      | wormed the Kobold Delver began the quest for the Orb.
     0 | D:5      | Reached XP level 1. HP: 14/14 MP: 1/1
    29 | D:5      | Found a staircase to the Ecumenical Temple.
    36 | Temple   | Entered the Ecumenical Temple
    42 | Temple   | Became a worshipper of Uskayaw the Reveller
    54 | D:5      | Noticed a howler monkey
    58 | D:5      | Killed a howler monkey
    58 | D:5      | Reached * piety under Uskayaw
    59 | D:5      | Reached XP level 2. HP: 19/19 MP: 2/2
    59 | D:5      | Reached XP level 3. HP: 23/23 MP: 3/3
    72 | D:4      | Reached ** piety under Uskayaw
   101 | D:4      | Reached skill level 7 in Stealth
   101 | D:4      | Reached XP level 4. HP: 29/29 MP: 4/4
   174 | D:4      | Found a broken altar of Ashenzari.
   460 | D:3      | Found a bloodstained altar of Trog.
   862 | D:2      | Reached XP level 5. HP: 33/33 MP: 5/5
  1430 | D:2      | Found a faded altar of an unknown god.
  1741 | D:1      | Reached skill level 5 in Short Blades
  2267 | D:3      | Reached XP level 6. HP: 31/38 MP: 6/6
  2682 | D:3      | Reached *** piety under Uskayaw
  3035 | D:3      | Noticed Ijyb
  3039 | D:3      | Killed Ijyb
  3627 | D:4      | Reached XP level 7. HP: 44/44 MP: 7/7
  3675 | D:4      | Found a sacrificial altar of Ru.
  3809 | D:4      | Reached skill level 8 in Stealth
  3809 | D:4      | Reached **** piety under Uskayaw
  4166 | D:4      | Found a basalt altar of Yredelemnul.
  4296 | D:5      | Noticed Eustachio
  4301 | D:5      | Killed Eustachio
  4302 | D:5      | Reached skill level 5 in Fighting
  4302 | D:5      | Reached skill level 5 in Dodging
  4302 | D:5      | Reached XP level 8. HP: 49/49 MP: 8/8
  4308 | D:5      | Reached ***** piety under Uskayaw
  4427 | D:5      | Slain by an ice beast

Illustrated notes

Levels and vault maps discovered:
D:1:      erik_arrival_triangle_small, layout_basic
D:2:      layout_loops_ring, hellmonk_ecumenical_altar_leap_of_faith
D:3:      layout_basic, old_standard_altar, st_stairs_4, uniq_ijyb
D:4:      layout_gridville, cheibrodos_ashenzari_chains,
          nicolae_ru_the_path_less_chosen, yredelemnul_altar_generic
D:5:      layout_basic, minmay_temple_entry_ruins, uniq_eustachio
Temple:   nicolae_temple_bog_church

Skill      XL: |  1  2  3  4  5  6  7 |
---------------+----------------------+-----
Short Blades   | 3 4 5 6 7 |  7.6
Dodging        | 3 4 5 |  5.2
Stealth        | 7 8 |  8.6
Fighting       | 4 5 |  5.3

Action                   |  1- 3 |  4- 6 |  7- 9 || total
-------------------------+-------+-------+-------++-------
Melee: Short sword       |     4 |   265 |       ||   269
       Punch             |       |     2 |     1 ||     3
       Dagger            |       |    14 |   109 ||   123
Invok: Stomp             |       |     6 |     1 ||     7
       Line Pass         |       |     1 |       ||     1
  Use: Scroll            |     1 |     6 |     8 ||    15
       Potion            |       |     1 |     1 ||     2
 Stab: Sleeping          |     4 |    40 |     5 ||    49
       Distracted        |       |     2 |     1 ||     3
       Paralysed         |       |       |     4 ||     4
Armor: Leather armour    |       |    49 |    17 ||    66
Dodge: Dodged            |       |   179 |    92 ||   271

Table legend: (Time is in decaauts)
 A = Elapsed time spent in this place.
 B = Non-inter-level travel time spent in this place.
 C = Inter-level travel time spent in this place.
 D = Time resting spent in this place.
 E = Time spent auto-exploring this place.
 F = Levels seen in this place.
 G = Mean time per level.
                   A        B        C        D        E       F      G
               +--------+--------+--------+--------+--------+-----+--------+
         Total |   4306 |   4108 |    198 |    166 |   2959 |   6 |  717.7 |
       Dungeon |   4293 |   4099 |    194 |    166 |   2956 |   5 |  858.6 |
        Temple |     12 |      8 |      4 |      0 |      3 |   1 |   12.0 |
               +--------+--------+--------+--------+--------+-----+--------+

Top non-repeatable levels by time:
     D:3: 1381 daAuts
     D:2: 1201 daAuts
     D:4: 823 daAuts
     D:1: 489 daAuts
     D:5: 398 daAuts
  Temple: 12 daAuts
